 Dungeon Crawl Stone Soup version 0.31-a0-271-gb88eb75e06 (webtiles) character file.

Game seed: 2681870672332607102

383 Crownlay the Ruffian (level 6, -5/39 HPs)
             Began as an Octopode Shapeshifter on July 14, 2023.
             Slain by a gnoll
             ... wielding a +0 flail
             ... led by a gnoll bouda
              (10 damage)
             ... on level 4 of the Dungeon.
             The game lasted 00:03:21 (2306 turns).

Crownlay the Ruffian (Octopode Shapeshifter)        Turns: 2306, Time: 00:03:21

Health: -5/39      AC:  1    Str: 15    XL:     6   Next: 76%
Magic:  9/9        EV: 13    Int: 12    God:
Gold:   115        SH:  0    Dex: 12    Spells: 9/9 levels left

rFire   x .          .
                       - Unarmed
rCold   + . .        (no shield)
rNeg    . . .        (helmet currently unavailable)
rPois   .            (no amulet)
rElec   .            f - ring of ice
rCorr   .            (no ring)
SInv    .            (no ring)
Will    .....        (no ring)
Stlth   +++          (no ring)
HPRegen 0.26/turn    (no ring)
MPRegen 0.11/turn    (no ring)
                     (no ring)

%: no passive effects
@: beast-form
A: beast (slay +2), almost no armour, amphibious, 8 rings, camouflage 1,
gelatinous body 1, (nimble swimmer 1), tentacles
a: Begin Untransformation


You were on level 4 of the Dungeon.
You were a hulking beast.
You visited 1 branch of the dungeon, and saw 4 of its levels.

You collected 115 gold pieces.

Inventory:

Missiles
 e - 2 throwing nets
Jewellery
 f - a ring of ice (left tentacle)
Talismans
 b - a beast talisman
Scrolls
 c - 2 scrolls of enchant weapon
 g - a scroll of poison {unknown}
 h - 4 scrolls of teleportation
 i - 2 scrolls of vulnerability {unknown}
 k - a scroll of amnesia {unknown}
 l - a scroll of immolation {unknown}
 m - a scroll of revelation {unknown}
 n - a scroll of noise {unknown}
Potions
 a - a potion of lignification
 d - 3 potions of haste {unknown}
 j - a potion of magic {unknown}


   Skills:
 - Level 2.0 Fighting
 - Level 2.0 Dodging
 + Level 3.6 Stealth
 * Level 4.3 Unarmed Combat
 + Level 2.3 Spellcasting
 + Level 2.4 Earth Magic
 - Level 3.5 Shapeshifting


You had 9 spell levels left.
You didn't know any spells.
Your spell library contained the following spells:

 Spells                   Type           Power      Damage    Failure   Level
 Sting                    Tmut/Pois      4%         1d3       26%         1
 Poisonous Vapours        Pois/Air       2%         N/A       38%         2
 Olgreb's Toxic Radiance  Pois           1%         N/A       95%         4


Dungeon Overview and Level Annotations

Branches:
Dungeon (4/15)
 Temple: D:4-7

Altars:
Trog
Yredelemnul

Annotations:
D:3 1 runed translucent door


Innate Abilities, Weirdness & Mutations

You are a hulking beast.
Your limbs bulge with bestial killing power. (Slay +2)
You cannot wear most types of armour.
You are amphibious.
You can wear up to eight rings at the same time.
Your skin changes colour to match your surroundings (Stealth+).
Your rubbery body absorbs attacks. (AC +1, EV +1)
((You are camouflaged when in or above water. (Stealth+)))
You have tentacles for arms and can constrict up to eight enemies at once.


Message History

You constrict the gnoll bouda, but do no damage.
You tentacle-slap the gnoll bouda.
The gnoll bouda is lightly wounded.
You constrict the gnoll bouda.
The gnoll bouda hits you with a +0 club.
The gnoll closely misses you.
You tentacle-slap the gnoll bouda.
The gnoll bouda is heavily wounded.
You constrict the gnoll bouda, but do no damage.
The gnoll bouda hits you with a +0 club.
The gnoll hits you with a +0 flail. The gnoll barely misses you.
You are too injured to fight recklessly!
You are too injured to fight recklessly!
You are too injured to fight recklessly!
You are too injured to fight recklessly!
You tentacle-slap the gnoll bouda.
The gnoll bouda is heavily wounded.
You constrict the gnoll bouda. The gnoll bouda barely misses you.
The gnoll closely misses you. The gnoll hits you with a +0 whip.
You tentacle-slap the gnoll bouda.
You kill the gnoll bouda!
The gnoll misses you. The gnoll hits you with a +0 whip.
* * * LOW HITPOINT WARNING * * *
You tentacle-slap the gnoll. Your grab misses the gnoll. You squeeze the gnoll!
The gnoll is almost dead.
The gnoll barely misses you. The gnoll hits you with a +0 whip.
* * * LOW HITPOINT WARNING * * *
You barely miss the gnoll. Your grab misses the gnoll.
The gnoll is almost dead.
The gnoll barely misses you. x2
You barely miss the gnoll. You grab the gnoll.
The gnoll is almost dead.
You constrict the gnoll.
You kill the gnoll!
The gnoll misses you.
You tentacle-slap the gnoll. You grab the gnoll. You tentacle-slap the gnoll.
The gnoll is heavily wounded.
Your attacks no longer feel as feeble.
You constrict the gnoll. The gnoll hits you with a +0 flail!
You die...

#........ #........
#........ #........
#........ #........
#g)...... #h)......
#........ #........ ..
#........
....####........
.....[..........
#############.######..
#...........#.# ..
#.####.####.#.#
#.......#


You could see a gnoll (swift).

Vanquished Creatures
  Sigmund (D:2)
  A hound (D:4)
  A human zombie (D:3)
  A gnoll bouda (D:4)
  3 gnolls (D:4)
  5 adders
  2 worms
  4 orcs (D:3)
  3 endoplasms
  2 giant cockroaches (D:2)
  5 hobgoblins
  4 jackals (D:3)
  2 quokkas
  2 ball pythons (D:2)
  5 bats
  A frilled lizard (D:3)
  8 goblins
  A kobold (D:1)
  A rat (D:3)
52 creatures vanquished.

Notes
Turn   | Place    | Note
-------+----------+-------------------------------------------
     0 | D:1      | Crownlay the Octopode Shapeshifter began the quest for the
                  | Orb.
     0 | D:1      | Reached XP level 1. HP: 14/14 MP: 1/1
   234 | D:1      | Reached XP level 2. HP: 14/19 MP: 2/2
   844 | D:2      | Noticed Sigmund
   856 | D:2      | Killed Sigmund
   857 | D:2      | Reached skill level 3 in Unarmed Combat
   857 | D:2      | Reached skill level 1 in Spellcasting
   857 | D:2      | Reached skill level 1 in Earth Magic
   857 | D:2      | Reached XP level 3. HP: 19/24 MP: 2/5
   857 | D:2      | Reached XP level 4. HP: 23/29 MP: 2/6
   857 | D:2      | Reached XP level 5. HP: 27/34 MP: 2/7
   955 | D:2      | Found a bloodstained altar of Trog.
  1678 | D:3      | Reached XP level 6. HP: 30/39 MP: 8/8
  1887 | D:3      | Reached skill level 4 in Unarmed Combat
  2009 | D:3      | Found a runed translucent door.
  2009 | D:3      | Noticed a human
  2016 | D:3      | Found a basalt altar of Yredelemnul.
  2162 | D:3      | Found a faded altar of an unknown god.
  2306 | D:4      | Slain by a gnoll

Illustrated notes

Levels and vault maps discovered:
D:1:      spicycebolla_arrival_xxxplode, layout_loops_ring, serial_glass,
          glass_columns_c, glass_columns_a
D:2:      layout_basic, basic_altar, uniq_sigmund
D:3:      layout_rooms, dk_yredelemnul_ordeal,
          shapermc_ecumenical_altar_mp_vishouse
D:4:      layout_gridville, nrook_uturn, roderic_lattice_a

Skill      XL: |  1  2  3  4  5  6 |
---------------+-------------------+-----
Stealth        | 2 3 |  3.6
Unarmed Combat | 3 4 |  4.3
Spellcasting   | 1 2 |  2.3
Earth Magic    | 1 2 |  2.4
Fighting       | |  2.0
Dodging        | |  2.0
Shapeshifting  | |  3.5

Action                     |  1- 3 |  4- 6 || total
---------------------------+-------+-------++-------
  Melee: Unarmed           |    34 |    82 ||   116
         Constrict         |    10 |    25 ||    35
         Tentacles         |     7 |    13 ||    20
         Punch             |     1 |     2 ||     3
    Use: Scroll            |       |     2 ||     2
   Stab: Sleeping          |     3 |    10 ||    13
 Armour: Skin              |     4 |     4 ||     8
  Dodge: Dodged            |    25 |    47 ||    72

Table legend: (Time is in decaauts)
 A = Elapsed time spent in this place.
 B = Non-inter-level travel time spent in this place.
 C = Inter-level travel time spent in this place.
 D = Time resting spent in this place.
 E = Time spent auto-exploring this place.
 F = Levels seen in this place.
 G = Mean time per level.
                   A        B        C        D        E       F      G
               +--------+--------+--------+--------+--------+-----+--------+
         Total |   2297 |   2268 |     29 |      0 |   1851 |   4 |  574.2 |
       Dungeon |   2297 |   2268 |     29 |      0 |   1851 |   4 |  574.2 |
               +--------+--------+--------+--------+--------+-----+--------+

Top non-repeatable levels by time:
     D:2: 1040 daAuts
     D:1: 620 daAuts
     D:3: 534 daAuts
     D:4: 102 daAuts
